 Dungeon Crawl Stone Soup version 0.31-a0-818-ge7c7cf74f0 (webtiles) character file.

Game seed: 8340604067436079962

111154 Dittersdorf the Warrior (level 16, -3/116 HPs)
             Began as a Gargoyle Fighter on Sept 22, 2023.
             Was the Champion of Okawaru.
             Slain by an emperor scorpion (19 damage)
             ... led by a torpor snail
             ... on level 1 of the Spider Nest.
             The game lasted 00:40:24 (24279 turns).

Dittersdorf the Warrior (Gargoyle Fighter)         Turns: 24279, Time: 00:40:24

Health: -3/116     AC: 46    Str: 33    XL:     16   Next: 57%
Magic:  16/16      EV:  6    Int: 10    God:    Okawaru [******]
Gold:   3669       SH: 19    Dex: 15    Spells: 15/15 levels left

rFire   + . .        u - +6 flail (protect)
rCold   + . .        c - +0 tower shield
rNeg    + + .        L - +5 gold dragon scales
rPois   ∞            I - +2 hat
rElec   +            j - scarf {repulsion}
rCorr   .            b - +3 pair of gloves of Death's Door {rN+ Stlth+}
SInv    .            g - +0 pair of boots
Will    +++..        q - amulet "Inniqon" {Will++ Regen+} Stlth
                     l - +6 ring of dexterity
HPRegen 1.19/turn    K - +6 ring of strength
MPRegen 0.15/turn

%: repel missiles
@: flying, slowed, very slow
A: sickness immunity, AC +12, big wings, negative energy resistance 1,
electricity resistance, torment resistance 1, petrification resistance
a: Renounce Religion, Heroism, Finesse, Duel, Receive Weapon, Receive Armour


You were on level 1 of the Spider Nest.
You worshipped Okawaru.
Okawaru was exalted by your worship.
You visited 5 branches of the dungeon, and saw 24 of its levels.
You also visited: Ice Cave.

You collected 3669 gold pieces.

Inventory:

Hand Weapons
 u - a +6 flail of protection (weapon)
 B - a +3 morningstar of flaming
Missiles
 s - 7 silver javelins (quivered)
Armour
 b - the +3 pair of gloves of Death's Door (worn) {rN+ Stlth+}
   (You acquired it on level 5 of the Dungeon)

   rN+:       It protects you from negative energy.
   Stlth+:    It makes you more stealthy.
 c - a +0 tower shield (worn)
 g - a +0 pair of boots (worn)
 j - a scarf of repulsion (worn)
 I - a +2 hat (worn)
 L - +5 gold dragon scales (worn)
Jewellery
 f - a ring of willpower
 l - a +6 ring of dexterity (left hand)
 q - the amulet "Inniqon" (around neck) {Will++ Regen+}
   (You acquired it on level 6 of the Dungeon)

   [amulet of regeneration]

   Will++:    It greatly increases your willpower.
   Regen+:    It increases your rate of health regeneration.
 v - a ring of ice
 w - a ring of see invisible
 F - a ring of resist corrosion
 K - a +6 ring of strength (right hand)
 M - a ring of fire
Wands
 r - a wand of iceblast (35)
 z - a wand of digging (23)
 A - a wand of quicksilver (7)
Scrolls
 k - 2 scrolls of silence
 m - 2 scrolls of poison
 o - 2 scrolls of revelation
 y - 2 scrolls of fog
 C - 3 scrolls of enchant weapon
 E - 13 scrolls of teleportation
 G - a scroll of brand weapon
Potions
 a - a potion of haste
 d - 5 potions of might
 e - 5 potions of brilliance
 h - 4 potions of curing
 i - 6 potions of resistance
 n - 3 potions of mutation
 p - 3 potions of enlightenment {unknown}
 t - 3 potions of berserk rage
 x - 4 potions of heal wounds {unknown}
 D - a potion of cancellation {unknown}
 H - 3 potions of attraction {unknown}
 J - 8 potions of ambrosia
 N - a potion of invisibility
 O - a potion of magic {unknown}


   Skills:
 + Level 19.3 Fighting
 + Level 15.0 Maces & Flails
 + Level 16.4 Armour
 + Level 16.3 Shields


You had 15 spell levels left.
You didn't know any spells.
Your spell library contained the following spells:

 Spells                   Type           Power      Damage    Failure   Level
 Apportation              Tloc           0%         N/A       100%        1
 Jinxbite                 Hex            0%         N/A       100%        2
 Wereblood                Tmut           0%         N/A       100%        2
 Dazzling Flash           Conj/Hex       0%         N/A       100%        3
 Frozen Ramparts          Ice            0%         1d1       100%        3
 Ozocubu's Armour         Ice            0%         N/A       100%        3
 Passage of Golubria      Tloc           0%         N/A       100%        4
 Petrify                  Tmut/Erth      0%         N/A       100%        4
 Agony                    Necr           0%         N/A       100%        5
 Alistair's Intoxication  Tmut/Pois      0%         N/A       100%        5
 Borgnjor's Vile Clutch   Necr/Erth      0%         N/A       100%        5
 Irradiate                Conj/Tmut      0%         3d11      100%        5
 Metabolic Englaciation   Hex/Ice        0%         N/A       100%        5
 Silence                  Hex/Air        0%         N/A       100%        5
 Ozocubu's Refrigeration  Ice            0%         4d7       100%        7
 Lehudib's Crystal Spear  Conj/Erth      0%         10d2      100%        8
 Sublimation of Blood     Necr           Unusable   N/A       N/A         2
 Animate Dead             Necr           Unusable   N/A       N/A         4
 Death Channel            Necr           Unusable   N/A       N/A         6
 Summon Hydra             Summ           Unusable   N/A       N/A         7

Dungeon Overview and Level Annotations

Branches:
Dungeon (15/15)            Temple (1/1) D:7            Lair (5/5) D:9
 Shoals (0/4) Lair:2       Spider (1/4) Lair:3        Slime (0/5) Lair:5
    Orc (2/2) D:12            Elf (0/3) Orc:2        Vaults (0/5) D:14
 Depths (0/4) D:15          IceCv (visited)

Altars:
Ashenzari
Cheibriados
Dithmenos
Elyvilon
Fedhas
Gozag
Hepliaklqana
Kikubaaqudgha
Makhleb
Nemelex Xobeh
Okawaru
Qazlal
Ru
Sif Muna
Trog
Uskayaw
Vehumet
Wu Jian
Xom
Yredelemnul
Zin
The Shining One

Shops:
D:14 (   Orc:2 [[[(


Innate Abilities, Weirdness & Mutations

You are immune to sickness and miasma.
Your stone body is resilient. (AC +12)
You are immune to poison.
Your large and strong wings let you fly.
You resist negative energy. (rN+)
You are resistant to electric shocks. (rElec)
You are resistant to unholy torment.
You are immune to petrification.


Message History

The emperor scorpion claws you but does no damage.
The emperor scorpion claws you.
* * * LOW HITPOINT WARNING * * *
You block the pharaoh ant's attack.
The tarantella touches you but does no damage.
The tarantella attacks as it pursues you!
You block the tarantella's attack.
The tarantella attacks as it pursues you!
The tarantella touches you.
The tarantella touches you but does no damage.
The orb spider weaves a glowing orb of energy.
You block the pharaoh ant's attack.
The tarantella touches you but does no damage.
The emperor scorpion stings you but does no damage.
The emperor scorpion claws you but does no damage.
You block the emperor scorpion's attack.
An orb of destruction comes into view.
The tarantella attacks as it pursues you!
The tarantella touches you but does no damage.
The tarantella attacks as it pursues you!
You block the tarantella's attack.
The emperor scorpion rages.
You block the tarantella's attack. You block the pharaoh ant's attack.
The tarantella touches you but does no damage.
The orb of destruction hits the emperor scorpion!!!
The tarantella touches you but does no damage.
The pharaoh ant attacks as it pursues you!
The pharaoh ant bites you but does no damage.
The emperor scorpion stings you!!
* * * LOW HITPOINT WARNING * * *
The emperor scorpion claws you but does no damage.
You block the emperor scorpion's attack.
The tarantella closely misses you. You block the tarantella's attack.
The pharaoh ant closely misses you.
You block the emperor scorpion's attack.
The emperor scorpion claws you but does no damage. x2
The tarantella barely misses you. You block the tarantella's attack.
You block the pharaoh ant's attack. The emperor scorpion stings you!!
You die...

.#..#.....#..#.........#
.............†......^..#
..........^.....#.....##
...............†.....##
.........#.#.##<....##
.........#.......######
...................#..##
............#..........#
...#.........sss@.......
....(.#........sB.......
^........^#.....w..#....
.............s..##.###..
...............## ## .
................#
................#
....#...........#
...........#.#..#


You could see an emperor scorpion (berserk), a torpor snail, 2 orb spiders, a
pharaoh ant and 2 tarantellas.

Vanquished Creatures
  Jorgrun (D:12)
  Gastronok (Lair:2)
  A vault warden (D:13)
  An emperor scorpion (Spider:1)
  An orc warlord (Orc:2)
  A white draconian (IceCv)
  Snorg (Orc:1)
  The ghost of Sundig the Fighter, a journeyman MiFi of Qazlal (D:12)
  Fannar (Lair:2)
  The ghost of Valiant the Basher, a journeyman MiBe of Trog (D:12)
  10 vault guards
  The ghost of IdlyInterested the Protected, a journeyman DsGl (D:12)
  5 hydras
  A catoblepas (D:15)
  2 centaur warriors
  The ghost of knightboat the Zephyrmancer, a journeyman OpVM of Gozag (D:11)
  8 two-headed ogres
  2 death knights (D:15)
  5 boulder beetles
  8 death yaks
  An orc high priest (Orc:2)
  3 tengu warriors
  Sonja (Lair:2)
  A skyshark (Lair:4)
  A pharaoh ant (Lair:3)
  The ghost of Bravepunisher the Nimble, a novice SpMo of Makhleb (D:12)
  Pikel (D:6)
  2 deep elf pyromancers
  A harpy (shapeshifter) (D:15)
  3 orc knights
  An oklob plant (Lair:2)
  11 ugly things
  4 orc sorcerers
  7 elephants (Lair:2)
  A moth of wrath (Spider:1)
  6 cyclopes
  4 manticores
  2 ice statues (IceCv)
  A salamander (D:15)
  6 black mambas
  Joseph (D:9)
  13 cane toads
  A torpor snail (Lair:5)
  Jeremiah (D:6)
  A gargoyle (D:12)
  10 rime drakes
  An efreet (D:15)
  7 komodo dragons
  A komodo dragon (shapeshifter) (D:15)
  2 unseen horrors
  4 trolls
  A merfolk (D:15)
  A queen bee (Lair:2)
  4 polar bears
  3 meliai (D:13)
  5 hornets
  6 tarantellas
  Grinder (D:5)
  Prince Ribbit (D:5)
  A wolf spider simulacrum (D:14)
  A dream sheep (Lair:5)
  4 jumping spiders
  8 blink frogs
  2 shadows
  12 slime creatures
  13 spriggans (Lair:5)
  A wraith (D:12)
  A vampire (D:13)
  55 yaks
  3 water elementals (D:15)
  3 wyverns
  2 culicivoras
  5 basilisks
  3 humans (D:13)
  A yak (shapeshifter) (D:13)
  7 redbacks
  3 vampire mosquitoes (D:11)
  2 steam dragons
  Menkaure (D:5)
  3 wargs
  The ghost of LeprechaunX the Changeling, an amateur OpSh (D:3)
  3 acid dragons
  Edmund (D:6)
  17 water moccasins
  39 orc warriors
  6 black bears
  2 ice beasts
  A sky beast (D:7)
  4 boggarts (Lair:5)
  20 ogres
  13 centaurs
  25 wolves
  2 phantoms
  6 kobold brigands
  Blork the orc (D:5)
  8 bullfrogs
  2 gnoll sergeants
  4 scorpions
  3 wights (D:8)
  72 killer bees
  3 lindwurm simulacra (IceCv)
  7 howler monkeys
  3 electric eels
  5 komodo dragon simulacra (IceCv)
  2 hounds
  25 orc priests
  3 jellies (Lair:5)
  Ijyb (D:5)
  A hell rat (Lair:2)
  A sleepcap (D:6)
  2 iguanas
  23 orc wizards
  Natasha (thrice) (D:4)
  8 acid dragon simulacra (IceCv)
  7 adders
  9 gnolls
  A shadow imp (D:6)
  2 white imps
  An ufetubus (D:6)
  5 steam dragon simulacra (IceCv)
  2 worms
  3 dart slugs
  109 orcs
  8 endoplasms
  3 giant cockroaches
  5 goblins
  9 hobgoblins
  4 jackals (D:1)
  3 quokkas
  5 ball pythons
  3 bats
  2 frilled lizards
  41 kobolds
  4 rats
849 creatures vanquished.

Vanquished Creatures (collateral kills)
  A ball python (D:4)
1 creature vanquished.

Vanquished Creatures (others)
  Erolcha (Orc:1)
  2 tarantellas (Spider:1)
  A howler monkey (D:10)
  3 orcs
7 creatures vanquished.

Grand Total: 857 creatures vanquished

Notes
Turn   | Place    | Note
-------+----------+-------------------------------------------
     0 | D:1      | Dittersdorf the Gargoyle Fighter began the quest for the
                  | Orb.
     0 | D:1      | Reached XP level 1. HP: 14/14 MP: 1/1
   229 | D:1      | Reached XP level 2. HP: 17/19 MP: 2/2
   820 | D:2      | Reached XP level 3. HP: 22/23 MP: 3/3
  1430 | D:2      | Reached XP level 4. HP: 13/29 MP: 4/4
  1680 | D:2      | Reached skill level 4 in Fighting
  1974 | D:3      | Found a runed translucent door.
  2015 | D:3      | Noticed LeprechaunX's ghost (amateur OpSh)
  2422 | D:3      | Reached XP level 5. HP: 31/33 MP: 5/5
  2653 | D:4      | Found a sacrificial altar of Ru.
  2816 | D:4      | Noticed an ogre
  2821 | D:4      | Killed an ogre
  2822 | D:4      | Reached XP level 6. HP: 5/39 MP: 6/6
  3094 | D:4      | Noticed Natasha
  3107 | D:4      | Killed Natasha
  3108 | D:4      | Reached skill level 5 in Fighting
  3242 | D:4      | Reached skill level 5 in Shields
  3246 | D:4      | Reached skill level 5 in Armour
  3356 | D:4      | Noticed a black bear
  3370 | D:4      | Killed a black bear
  3371 | D:4      | Reached XP level 7. HP: 36/45 MP: 7/7
  3529 | D:4      | Found a sacrificial altar of Ru.
  3626 | D:4      | Noticed Natasha
  3632 | D:4      | Killed Natasha
  3652 | D:4      | Noticed Natasha
  3664 | D:4      | Killed Natasha
  4159 | D:5      | Entered Level 5 of the Dungeon
  4160 | D:5      | Identified 2 scrolls of acquirement
  4160 | D:5      | Acquired 753 gold pieces
  4162 | D:5      | Acquired the +3 pair of gloves of Death's Door {rN+ Stlth+}
  4203 | D:5      | Reached skill level 6 in Fighting
  4487 | D:5      | Reached XP level 8. HP: 52/52 MP: 8/8
  4522 | D:5      | Noticed Grinder
  4540 | D:5      | Killed Grinder
  4541 | D:5      | Reached skill level 7 in Fighting
  4541 | D:5      | Reached skill level 5 in Maces & Flails
  4723 | D:5      | Noticed Ijyb
  4728 | D:5      | Paralysed by Ijyb for 5 turns
  4737 | D:5      | Killed Ijyb
  4762 | D:5      | Noticed Menkaure
  4771 | D:5      | Killed Menkaure
  4913 | D:5      | Noticed Prince Ribbit
  4922 | D:5      | Killed Prince Ribbit
  4923 | D:5      | Reached skill level 8 in Fighting
  5014 | D:5      | Noticed Blork the orc
  5033 | D:5      | Killed Blork the orc
  5738 | D:6      | Noticed Jeremiah
  5769 | D:6      | HP: 2/55 [Jeremiah/divine providence (11)]
  6123 | D:6      | Killed Jeremiah
  6124 | D:6      | Reached skill level 9 in Fighting
  6124 | D:6      | Reached XP level 9. HP: 3/60 MP: 9/9
  6667 | D:6      | Noticed Pikel
  6669 | D:6      | Noticed Edmund
  6677 | D:6      | Killed Pikel
  6678 | D:6      | Reached skill level 10 in Fighting
  6686 | D:6      | Acquired the amulet "Inniqon" {Will++ Regen+}
  6705 | D:6      | Killed Edmund
  7393 | D:7      | Found a staircase to the Ecumenical Temple.
  7412 | Temple   | Entered the Ecumenical Temple
  7428 | Temple   | Became a worshipper of Warmaster Okawaru
  7516 | D:7      | Reached XP level 10. HP: 63/68 MP: 10/10
  7781 | D:7      | Reached skill level 11 in Fighting
  7937 | D:8      | Found a broken altar of Ashenzari.
  7967 | D:8      | Reached * piety under Okawaru
  8614 | D:8      | Reached ** piety under Okawaru
  9105 | D:9      | Noticed Joseph
  9111 | D:9      | Killed Joseph
  9112 | D:9      | Reached skill level 12 in Fighting
  9359 | D:9      | Found a staircase to the Lair.
  9842 | D:10     | Entered Level 10 of the Dungeon
  9872 | D:10     | Reached XP level 11. HP: 49/76 MP: 11/11
  9948 | D:10     | Reached *** piety under Okawaru
 10082 | D:10     | Reached skill level 13 in Fighting
 10113 | D:10     | Reached skill level 10 in Armour
 10113 | D:10     | Reached skill level 10 in Shields
 10363 | Lair:1   | Entered Level 1 of the Lair of Beasts
 10373 | Lair:1   | Reached **** piety under Okawaru
 10711 | Lair:1   | Reached skill level 14 in Fighting
 10733 | Lair:1   | Reached ***** piety under Okawaru
 10811 | Lair:1   | Received a gift from Okawaru
 10887 | Lair:1   | Reached XP level 12. HP: 58/86 MP: 12/12
 11012 | Lair:1   | Reached skill level 10 in Maces & Flails
 11281 | Lair:2   | Noticed Sonja
 11306 | Lair:2   | Killed Sonja
 11307 | Lair:2   | Reached skill level 15 in Fighting
 11384 | Lair:2   | Received a gift from Okawaru
 11445 | Lair:2   | Found a staircase to the Shoals.
 11700 | Lair:2   | Noticed Fannar
 11789 | Lair:2   | Killed Fannar
 12144 | Lair:2   | Received a gift from Okawaru
 12159 | Lair:2   | Reached skill level 16 in Fighting
 12257 | Lair:2   | Noticed Gastronok
 12277 | Lair:2   | Killed Gastronok
 12415 | Lair:2   | Reached XP level 13. HP: 93/93 MP: 13/13
 12437 | Lair:2   | Received a gift from Okawaru
 13063 | Lair:3   | Found a hole to the Spider Nest.
 13814 | Lair:4   | Received a gift from Okawaru
 14583 | Lair:5   | Entered Level 5 of the Lair of Beasts
 14690 | Lair:4   | Reached ****** piety under Okawaru
 14766 | Lair:4   | Received a gift from Okawaru
 14767 | Lair:4   | Reached skill level 17 in Fighting
 14949 | Lair:5   | Gained mutation: Your large and strong wings let you fly.
                  | [Gargoyle growth]
 14949 | Lair:5   | Reached XP level 14. HP: 78/102 MP: 14/14
 15663 | Lair:5   | Received a gift from Okawaru
 16039 | Lair:5   | Found a staircase to the Slime Pits.
 16392 | Lair:5   | Identified the +3 hand axe "Zomel" {freeze, *Slow Str+6
                  | Int+3}
 16757 | D:11     | Found a frozen archway.
 16776 | IceCv    | Entered an ice cave
 16862 | IceCv    | Received a gift from Okawaru
 16939 | IceCv    | Noticed a white draconian
 16953 | IceCv    | Killed a white draconian
 16993 | IceCv    | Identified the amulet "Cuacuhig" {Faith rElec rF+ rN++
                  | Str-3}
 17212 | D:11     | Found a runed translucent gate.
 17212 | D:11     | Found a runed translucent gate.
 17212 | D:11     | Found a runed translucent gate.
 17213 | D:11     | Noticed knightboat's ghost (journeyman OpVM)
 17905 | D:11     | Killed knightboat's ghost
 18126 | D:3      | Killed LeprechaunX's ghost
 18412 | D:12     | Noticed Jorgrun
 18427 | D:12     | Received a gift from Okawaru
 18447 | D:12     | Killed Jorgrun
 18618 | D:12     | Found a runed translucent gate.
 18618 | D:12     | Found a runed translucent gate.
 18633 | D:12     | Found a runed translucent gate.
 18650 | D:12     | Noticed IdlyInterested's ghost (journeyman DsGl)
 18650 | D:12     | Noticed Valiant's ghost (journeyman MiBe)
 18651 | D:12     | Noticed Sundig's ghost (journeyman MiFi)
 18652 | D:12     | Noticed Bravepunisher's ghost (novice SpMo)
 18736 | D:12     | Reached skill level 18 in Fighting
 18757 | D:12     | Reached XP level 15. HP: 100/108 MP: 15/15
 18991 | D:12     | Found a staircase to the Orcish Mines.
 19088 | D:12     | Killed Sundig's ghost
 19115 | D:12     | Killed Valiant's ghost
 19134 | D:12     | Killed Bravepunisher's ghost
 19134 | D:12     | Received a gift from Okawaru
 19159 | D:12     | Killed IdlyInterested's ghost
 19166 | D:12     | Identified the +8 great mace "Teudenug" {flame, Contam
                  | +Blink rElec}
 19176 | D:12     | Identified the +6 quarterstaff "Comubus" {vamp, *Noise
                  | Int+4}
 19371 | D:13     | Found a transporter.
 19378 | D:13     | Found a transporter.
 19382 | D:13     | Found an ornate altar of the Wu Jian Council.
 19384 | D:13     | Found a transporter.
 19664 | D:13     | Found a transporter.
 19665 | D:13     | Noticed a vault warden
 19808 | D:13     | Reached skill level 15 in Armour
 19837 | D:13     | Found an ornate altar of the Wu Jian Council.
 19860 | D:13     | Killed a vault warden
 19861 | D:13     | Reached skill level 15 in Shields
 20066 | D:13     | Received a gift from Okawaru
 20293 | D:14     | Received a gift from Okawaru
 20365 | D:14     | Found a gate to the Vaults.
 20385 | D:14     | Found Plog's Antique Weapon Shoppe.
 20573 | D:14     | Identified the +1 robe of Lethargy {Rampage Dex+2}
 20984 | D:15     | Entered Level 15 of the Dungeon
 21093 | D:15     | Identified the +1 ring mail "Rul Raug" {rCorr Int+4}
 21124 | D:15     | Received a gift from Okawaru
 21650 | D:15     | Found a staircase to the Depths.
 21658 | D:15     | Reached XP level 16. HP: 113/116 MP: 16/16
 21828 | Orc:1    | Entered Level 1 of the Orcish Mines
 22076 | Orc:2    | Entered Level 2 of the Orcish Mines
 22077 | Orc:2    | Found a staircase to the Elven Halls.
 22422 | Orc:1    | Received a gift from Okawaru
 22423 | Orc:1    | Reached skill level 19 in Fighting
 22617 | Orc:1    | Noticed Snorg
 22640 | Orc:1    | Killed Snorg
 22754 | Orc:1    | Noticed Erolcha
 22766 | Orc:1    | Killed Erolcha
 23430 | Orc:2    | Received a gift from Okawaru
 23558 | Orc:2    | Found Omops's Antique Weapon Shop.
 23560 | Orc:2    | Found Binuesm's Antique Armour Boutique.
 23684 | Orc:2    | Found Ladaf's Antique Armour Emporium.
 23776 | Orc:2    | Found Viacourgh's Antique Armour Shop.
 24065 | Spider:1 | Entered Level 1 of the Spider Nest
 24221 | Spider:1 | Reached skill level 15 in Maces & Flails
 24279 | Spider:1 | Slain by an emperor scorpion

Illustrated notes

Levels and vault maps discovered:
D:1:      dpeg_arrival_rooms_b, layout_loops_ring, kennysheep_minor_cross
D:2:      layout_loops_corners, nicolae_the_louvre
D:3:      layout_basic, serial_glass, glass_columns_c, glass_columns_a,
          hellmonk_ghost_happy_afterlife
D:4:      layout_loops_cross, nicolae_ru_sacrificial_ziggurat,
          minmay_manual_mess, uniq_natasha
D:5:      layout_basic, uniq_grinder, uniq_ijyb, uniq_prince_ribbit1,
          uniq_blork_the_orc, uniq_menkaure
D:6:      layout_loops_corners, uniq_edmund, uniq_pikel, uniq_jeremiah
D:7:      layout_gridville, minmay_temple_entry_poolview
D:8:      layout_layer_cave, cheibrodos_ashenzari_chains, grunt_ministairs_13
D:9:      layout_loops_ring, lair_entry_dummy, uniq_joseph
D:10:     layout_rooms
D:11:     layout_irregular_city, portal_ice_cave_entry_pillars_2,
          ebering_ghost_rock_garden
D:12:     layout_cave_pools, hiddenorc1_lemuel, gammafunk_ghost_cemetery,
          uniq_jorgrun
D:13:     dreamdust_wu_jian_sword_trials, layout_basic
D:14:     layout_long_grid, erik_vaults_2, serial_shops, nicolae_shop_crystal,
          grunt_decor_cap
D:15:     hangedman_depths_entry_try_elsewhere_first, layout_basic,
          minmay_misc_feat_rows
Temple:   nicolae_temple_bog_church
Lair:1:   wad_woods_minihive, layout_cave_shapes, serial_bayou_ford_a,
          beast_lair_carwin_1, infiniplex_staircase_pool_2
Lair:2:   regret_index_bee_streams, layout_regular_city, shoals_dummy_entry,
          uniq_gastronok, uniq_sonja, uniq_fannar
Lair:3:   layout_loops_ring, nicolae_spider_entry_lesser_pyramids
Lair:4:   layout_regular_city
Lair:5:   minmay_lair_end_enchanted_forest, layout_small_grid,
          minmay_slime_entry_pillars, grunt_megastairs_4
Spider:1: layout_spider_delve, nicolae_spider_claw_tunnel
Orc:1:    lemuel_ogre_cave, layout_caves, uniq_snorg
Orc:2:    grunt_orc_community_town_hall, layout_diamond_mine,
          grunt_orc_community_big_house_2, grunt_orc_community_big_house_2,
          grunt_orc_community_house_1, grunt_orc_community_house_2,
          grunt_orc_community_house_2, grunt_orc_community_house_2,
          grunt_orc_community_house_3, grunt_orc_community_house_1

Skill      XL: |  1  2  3  4  5  6  7  8  9 10 11 12 13 14 15 16 |
---------------+-------------------------------------------------+-----
Fighting       | 4 5 6 9 10 12 14 16 17 18 19 | 19.3
Armour         | 4 5 7 8 9 10 12 13 14 15 16 | 16.4
Shields        | 4 5 7 8 9 10 12 13 14 15 16 | 16.3
Maces & Flails | 3 4 6 7 8 9 11 12 13 14 15 | 15.0

Action                     |  1- 3 |  4- 6 |  7- 9 | 10-12 | 13-15 | 16-18 || total
---------------------------+-------+-------+-------+-------+-------+-------++-------
  Melee: Flail             |   121 |   166 |   200 |   897 |  1832 |   728 ||  3944
         Morningstar       |       |       |   127 |       |       |       ||   127
  Throw: Dart              |       |       |       |     6 |     2 |       ||     8
 Invoke: Heroism           |       |       |       |     2 |    10 |       ||    12
         Finesse           |       |       |       |       |     1 |       ||     1
  Evoke: Wand              |       |       |       |       |     5 |       ||     5
    Use: Scroll            |       |     5 |     8 |    11 |    11 |       ||    35
         Potion            |       |     1 |       |     2 |       |       ||     3
   Stab: Petrified         |       |       |       |       |    13 |       ||    13
 Armour: Scale mail        |    56 |       |       |       |       |       ||    56
         Chain mail        |    35 |   133 |   261 |  1383 |    90 |       ||  1902
         Gold dragon scale |       |       |       |       |  1677 |   546 ||  2223
  Dodge: Dodged            |    49 |    54 |   108 |   549 |   422 |   119 ||  1301
         Repelled          |       |     2 |       |     5 |     5 |     2 ||    14
  Block: Buckler           |    39 |    49 |    81 |   500 |   577 |       ||  1246
         Tower shield      |       |       |       |       |   293 |   760 ||  1053
         Kite shield       |       |       |       |       |    11 |       ||    11

Table legend: (Time is in decaauts)
 A = Elapsed time spent in this place.
 B = Non-inter-level travel time spent in this place.
 C = Inter-level travel time spent in this place.
 D = Time resting spent in this place.
 E = Time spent auto-exploring this place.
 F = Levels seen in this place.
 G = Mean time per level.
                   A        B        C        D        E       F      G
               +--------+--------+--------+--------+--------+-----+--------+
         Total |  23902 |  22179 |   1723 |   1727 |  14299 |  25 |  956.1 |
       Dungeon |  15210 |  14029 |   1181 |   1005 |   9732 |  15 | 1014.0 |
        Temple |     32 |      2 |     30 |      0 |      0 |   1 |   32.0 |
          Lair |   6195 |   5766 |    429 |    604 |   3332 |   5 | 1239.0 |
   Spider Nest |    175 |    175 |      0 |      0 |     67 |   1 |  175.0 |
  Orcish Mines |   1954 |   1872 |     82 |    103 |   1053 |   2 |  977.0 |
      Ice Cave |    335 |    335 |      0 |     15 |    114 |   1 |  335.0 |
               +--------+--------+--------+--------+--------+-----+--------+

Top non-repeatable levels by time:
  Lair:5: 1789 daAuts
     D:5: 1765 daAuts
  Lair:2: 1660 daAuts
     D:4: 1612 daAuts
     D:6: 1423 daAuts
     D:8: 1203 daAuts
   Orc:2: 1138 daAuts
     D:2: 1115 daAuts
  Lair:4: 1020 daAuts
    D:12: 929 daAuts
    D:13: 920 daAuts
     D:1: 883 daAuts
    D:11: 872 daAuts
  Lair:1: 869 daAuts
  Lair:3: 855 daAuts
